AoeStats
← eyupfc

Arabia

504817765Analyzed
1v1 RM · 26d ago on Sep 6, 2026· 51m 8s· 2 players
Game mode
Random Map
Map size
Tiny (2 player)
Population
200
Speed
Normal
Resources
Standard
Victory
Conquest
Starting age
Dark Age
Ending age
Imperial Age
RankedLock teamsTeams togetherTeam positionsShared explorationLock speedFull tech treeHidden civsTurbo modeCheats
Victory
Defeat
🇪🇸 Burgundians · Spain
1219
+16
🇹🇷 Mapuche · Türkiye
1210
-16
eyupfc
6:43 Loom
9:14 Feudal Age
11:35 Champi Runner
14:08 Arson
16:43 Scale Mail Armor
17:40 Fletching
20:07 Double-Bit Axe
21:38 Padded Archer Armor
24:26 Wheelbarrow
26:49 Castle Age
26:10 Forging
25:44 Horse Collar
27:37 Champi Warrior
29:02 Chain Mail Armor
28:55 Town Watch
30:37 Iron Casting
31:50 Pikeman
32:59 Bodkin Arrow
35:08 Bow Saw
37:19 Gold Mining
37:41 Heavy Plow
40:57 Malon
42:02 Leather Archer Armor
43:06 Ballistics
43:47 Gold Shaft Mining
44:03 Murder Holes
47:22 Imperial Age
48:30 Halberdier
50:04 Plate Mail Armor
DM | BadCat
4:41 Double-Bit Axe
6:43 Loom
9:38 Feudal Age
12:02 Horse Collar
13:58 Bow Saw
19:14 Fletching
20:57 Wheelbarrow
23:36 Castle Age
24:17 Padded Archer Armor
24:13 Bodkin Arrow
24:21 Gold Mining
24:24 Elite Skirmisher
28:39 Two-Man Saw
29:27 Town Watch
33:24 Cavalier
34:20 Scale Barding Armor
37:39 Husbandry
38:03 Chain Barding Armor
40:17 Ballistics
43:05 Imperial Age
41:42 Forging
42:07 Padded Archer Armor
42:35 Burgundian Vineyards
43:18 Paladin
44:52 Plate Barding Armor
44:48 Bracer
45:17 Conscription
45:41 Iron Casting
46:46 Conscription
47:16 Leather Archer Armor
48:02 Conscription
48:54 Chemistry
48:55 Murder Holes
49:10 Masonry
49:43 Light Cavalry
51:23 Gold Shaft Mining
Connection lost

Rejoining the realm…

Still unreachable

The connection could not be restored.

Session expired

The server has moved on; the page needs a fresh start.